 Seeded DCSS version 0.28-a0-804-g60983d4ba9 (webtiles) character file.

Game seed: 20211107 (custom seed)

1664 a11behringer the Chopper (level 8, -4/68 HPs)
             Began as a Red Draconian Berserker on Nov 7, 2021.
             Was a Priest of Trog.
             Slain by Dowan (6 damage)
             ... on level 5 of the Dungeon.
             The game lasted 00:17:37 (4442 turns).

a11behringer the Chopper (Red Draconian Berserker)  Turns: 4442, Time: 00:17:41

Health: -4/68      AC:  7    Str: 22    XL:     8   Next: 69%
Magic:  8/8        EV: 13    Int:  7    God:    Trog [***...]
Gold:   187        SH:  0    Dex: 11    Spells: 7/7 levels left

rFire   + . .      SeeInvis .   n - +1 war axe (flame)
rCold   . . .      Faith    .   (no shield)
rNeg    . . .      Spirit   .   (armour unavailable)
rPois   .          Reflect  .   (helmet restricted)
rElec   .          Harm     .   h - +0 cloak
rCorr   .          Rampage  .   (no gloves)
Will    .....                   (no boots)
Stlth   ++........              (no amulet)
HPRegen 0.21/turn               (no ring)
MPRegen 0.11/turn               (no ring)

@: on berserk cooldown, slowed, very slow
A: breathe fire, AC +6, unfitting armour, fire resistance 1, cold-blooded
a: Breathe Fire, Renounce Religion, Berserk, Trog's Hand


You were on level 5 of the Dungeon.
You worshipped Trog.
Trog was most pleased with you.
You visited 1 branch of the dungeon, and saw 5 of its levels.

You collected 187 gold pieces.

Inventory:

Hand Weapons
 a - a +0 spear
 f - a +0 scythe
 n - a +1 war axe of flaming (weapon)
 o - a +0 halberd
 p - a +0 trident of venom
Missiles
 i - 2 throwing nets (quivered)
 j - 6 curare-tipped darts
 k - 38 arrows
 l - 27 poisoned darts
Armour
 h - a +0 cloak (worn)
Scrolls
 c - 5 scrolls of identify
 m - 2 scrolls of fear
Potions
 b - a potion of invisibility
 d - a potion of haste
 e - 3 potions of degeneration
 g - 2 potions of curing
 r - a potion of berserk rage {unknown}


   Skills:
 + Level 5.3 Fighting
 * Level 7.4(8.4) Axes
 - Level 6.0(7.7) Polearms
 + Level 4.8 Dodging
 + Level 1.9 Stealth


You had 7 spell levels left.
You didn't know any spells.
Your spell library was empty.

Dungeon Overview and Level Annotations

Branches:
Dungeon (5/15)
 Temple: D:4-7

Altars:
Nemelex Xobeh
Ru
Trog
Uskayaw

Annotations:
D:5 Dowan


Innate Abilities, Weirdness & Mutations

You can breathe blasts of fire.
Your fiery red scales are hard. (AC +6)
You cannot fit into any form of body armour.
Your flesh is heat resistant. (rF+)
You are cold-blooded and may be slowed by cold attacks.


Message History

Trog accepts your kill.
Dowan mumbles some strange words.
Dowan blinks!
Your base Axes skill increases to level 7!
You hit the yak. You burn the yak.
The yak is lightly wounded.
The yak misses you.
An orc comes into view. It is wielding a +0 dagger.
The orc shouts!
You slash the yak! You burn the yak.
The yak is moderately wounded.
You barely miss the yak. You tail-slap the yak!
The yak is severely wounded.
The yak gores you.
* * * LOW HITPOINT WARNING * * *
You slice the yak!! You burn the yak.
You kill the yak!
Trog accepts your kill.
You hear the rusting of a very distant drain.
You are no longer berserk.
You are exhausted.
You feel yourself slow down.
Your skin stops crawling.
You feel less strong-willed. The yak gores you!
* * * LOW HITPOINT WARNING * * *
The orc wizard hits you with a +0 dagger.
* * * LOW HITPOINT WARNING * * *
Items here: ) [ ††.
Dowan hits you with a +0 dagger.
* * * LOW HITPOINT WARNING * * *
Dowan closely misses you. The yak gores you but does no damage.
Items here: ) / [ †.
You barely miss Dowan.
Your tail-slap misses Dowan.
Dowan is almost dead.
You hit the yak. You burn the yak. Dowan hits you with a +0 dagger.
* * * LOW HITPOINT WARNING * * *
Dowan hits you but does no damage. The yak misses you.
Dowan breathes, "And she was my only..."
Dowan hits you with a +0 dagger.
You die...

#...##........>....
#.........†........
#...#####<#########
#.........###
#...........####
#....§...#.....#
#........##.##........
##.#..#####..#########
#.##.e@Yo##..
#.######o##### #.#
#..## #. ##..###
##...## ###..### #
##...## #. ###..# ...
##.###...


You could see a yak, Dowan (fast), an orc wizard and an orc.

Vanquished Creatures
  Prince Ribbit (D:5)
  Sigmund (D:2)
  4 yaks (D:5)
  Menkaure (D:4)
  Duvessa (D:5)
  An ice beast (D:3)
  A scorpion (D:4)
  2 water moccasin skeletons
  An orc priest (D:3)
  A scorpion zombie (D:4)
  2 iguanas
  4 gnolls (D:4)
  9 adders
  A worm (D:4)
  3 dart slugs
  6 orcs
  7 endoplasms
  2 giant cockroaches
  5 hobgoblins
  6 jackals (D:1)
  A quokka (D:2)
  4 ball pythons
  4 bats
  6 frilled lizards
  3 goblins
  11 kobolds
  7 rats
95 creatures vanquished.

Notes
Turn   | Place    | Note
-------+----------+-------------------------------------------
     0 | D:1      | a11behringer the Draconian Berserker began the quest for
                  | the Orb.
     0 | D:1      | Reached XP level 1. HP: 19/19 MP: 1/1
   378 | D:1      | Reached XP level 2. HP: 26/26 MP: 2/2
   892 | D:2      | Noticed Sigmund
   899 | D:2      | Killed Sigmund
   900 | D:2      | Reached XP level 3. HP: 33/33 MP: 3/3
   900 | D:2      | Reached XP level 4. HP: 40/40 MP: 4/4
   900 | D:2      | Reached XP level 5. HP: 46/46 MP: 5/5
  1142 | D:2      | Reached ** piety under Trog
  1214 | D:2      | Found a sparkling altar of Nemelex Xobeh.
  1434 | D:3      | Reached skill level 5 in Polearms
  1615 | D:3      | Noticed an ice beast
  1693 | D:3      | Found a sacrificial altar of Ru.
  1912 | D:3      | You fall into a shaft and drop 1 floor!
  1925 | D:4      | Reached XP level 6. HP: 49/52 MP: 6/6
  2376 | D:4      | Found a hide-covered altar of Uskayaw.
  2377 | D:4      | Noticed a +0 dagger
  2377 | D:4      | Noticed a +0 hand axe
  2870 | D:3      | Killed an ice beast
  2871 | D:3      | Reached skill level 1 in Axes
  2871 | D:3      | Reached skill level 1 in Stealth
  2871 | D:3      | Your scales start taking on a fiery red colour.
  2871 | D:3      | Reached XP level 7. HP: 28/60 MP: 7/7
  2871 | D:3      | Gained mutation: Your flesh is heat resistant. (rF+) [Red
                  | Draconian growth]
  3287 | D:3      | Reached skill level 2 in Axes
  3845 | D:4      | Found a sparkling altar of Nemelex Xobeh.
  3845 | D:4      | Noticed Menkaure
  3848 | D:4      | Killed Menkaure
  3848 | D:4      | Reached *** piety under Trog
  3849 | D:4      | Reached skill level 3 in Axes
  4135 | D:5      | Entered Level 5 of the Dungeon
  4135 | D:5      | Noticed Prince Ribbit
  4149 | D:5      | Reached skill level 4 in Axes
  4151 | D:5      | Killed Prince Ribbit
  4152 | D:5      | Reached skill level 5 in Fighting
  4152 | D:5      | Reached skill level 5 in Axes
  4359 | D:5      | Found a bloodstained altar of Trog.
  4372 | D:5      | Noticed Duvessa
  4375 | D:5      | Noticed Dowan
  4376 | D:5      | Noticed a yak
  4376 | D:5      | Noticed a yak
  4389 | D:5      | Noticed a yak
  4419 | D:5      | Killed Duvessa
  4420 | D:5      | Reached XP level 8. HP: 57/68 MP: 8/8
  4426 | D:5      | Reached skill level 6 in Axes
  4436 | D:5      | Reached skill level 7 in Axes
  4442 | D:5      | HP: 2/68 [Dowan (5)]
  4442 | D:5      | Slain by Dowan

Illustrated notes

Levels and vault maps discovered:
D:1:      minmay_arrival_up_and_down, layout_rooms,
          chequers_hall_statues_corner_a
D:2:      layout_rooms, basic_altar, minmay_misc_feat_rows,
          chequers_serial_rivers_micro_c, uniq_sigmund
D:3:      minmay_diamond_boxcup, layout_basic, nicolae_ru_awakened_eye,
          grunt_ministairs_15
D:4:      layout_loops_ring, dancing_weapons_uskayaw, lemuel_tele_altar,
          uniq_menkaure
D:5:      layout_rooms, nicolae_gozag_seed_capital, old_standard_altar,
          elyvilon_altar_1, minmay_temple_entry_large_hall,
          cheibrodos_sewer_entry_sluice, uniq_duvessa, uniq_ijyb,
          uniq_prince_ribbit1

Skill      XL: |  1  2  3  4  5  6  7  8 |
---------------+-------------------------+-----
Fighting       | 4 5 |  5.3
Polearms       | 4 5 6 |  6.0
Dodging        | 3 4 |  4.8
Axes           | 1 5 7 |  7.4
Stealth        | 1 |  1.9

Action                   |  1- 3 |  4- 6 |  7- 9 || total
-------------------------+-------+-------+-------++-------
Melee: Spear             |    71 |   153 |       ||   224
       Tailslap          |     3 |    20 |     8 ||    31
       War axe           |       |    26 |    77 ||   103
Invok: Berserk           |     1 |     1 |     1 ||     3
       Trog's Hand       |       |       |     1 ||     1
 Abil: Breathe Fire      |       |       |    12 ||    12
  Use: Scroll            |       |     8 |     2 ||    10
 Stab: Sleeping          |       |     1 |       ||     1
Armor: Skin              |    22 |    45 |    28 ||    95
Dodge: Dodged            |    40 |   102 |    53 ||   195

Table legend: (Time is in decaauts)
 A = Elapsed time spent in this place.
 B = Non-inter-level travel time spent in this place.
 C = Inter-level travel time spent in this place.
 D = Time resting spent in this place.
 E = Time spent auto-exploring this place.
 F = Levels seen in this place.
 G = Mean time per level.
                   A        B        C        D        E       F      G
               +--------+--------+--------+--------+--------+-----+--------+
         Total |   4450 |   3922 |    528 |      0 |   3175 |   5 |  890.0 |
       Dungeon |   4450 |   3922 |    528 |      0 |   3175 |   5 |  890.0 |
               +--------+--------+--------+--------+--------+-----+--------+

Top non-repeatable levels by time:
     D:3: 1307 daAuts
     D:4: 1235 daAuts
     D:1: 881 daAuts
     D:2: 720 daAuts
     D:5: 305 daAuts
